 Dungeon Sprint DCSS version 0.30.1-11-g7821555f0a (webtiles) character file.

Game seed: 2848069092288445174

6816 Groucho the Thaumaturge (level 10, -3/88 HPs)
             Began as a Deep Elf Earth Elementalist on Dec 31, 2023.
             Was the Champion of Sif Muna.
             Slain by a gargoyle
             ... wielding a +0 mace
              (6 damage)
             ... in the Dungeon (Sprint VII: "The Pits").
             The game lasted 00:14:57 (5531 turns).

Groucho the Thaumaturge (DEEE)                      Turns: 5531, Time: 00:14:59

Health: -3/88      AC:  5    Str:  5    XL:     10   Next: 77%
Magic:  25/30      EV: 14    Int: 28    God:    Sif Muna [******]
Gold:   0          SH:  0    Dex: 15    Spells: 20/37 levels left

rFire   . . .        k - +2 dagger
rCold   + . .        (no shield)
rNeg    . . .        m - +0 robe {rC+}
rPois   .            (no helmet)
rElec   .            (no cloak)
rCorr   .            (no gloves)
SInv    .            (no boots)
Will    +....        (no amulet) Stlth
                     a - +3 ring of protection
HPRegen 0.34/turn    n - +3 ring of intelligence
MPRegen 0.22/turn

%: no teleportation
@: berserking, slowed
A: no striking features
a: Renounce Religion, Channel Magic, Forget Spell, Divine Exegesis


You were in the Dungeon.
You worshipped Sif Muna.
Sif Muna was exalted by your worship.
You visited 1 branch

Inventory:

Hand Weapons
 k - a +2 dagger (weapon)
 q - a +2 rapier of venom
Armour
 m - a +0 robe of cold resistance (worn)
 r - a +5 ring mail
Jewellery
 a - a +3 ring of protection (left hand)
 n - a +3 ring of intelligence (right hand)
Scrolls
 i - 5 scrolls of amnesia
Potions
 b - 4 potions of magic
 c - 5 potions of curing
 d - 4 potions of heal wounds
 e - 3 potions of haste
 f - 4 potions of berserk rage
 h - 2 potions of invisibility
 o - a potion of might
 p - a potion of mutation


   Skills:
 - Level 5.0 Fighting
 + Level 9.2 Short Blades
 - Level 5.0 Dodging
 - Level 10.0 Stealth
 - Level 14.0 Spellcasting
 - Level 14.0 Conjurations
 - Level 10.0 Transmutations
 - Level 10.0 Fire Magic
 - Level 10.0 Earth Magic


You had 20 spell levels left.
You knew the following spells:

 Your Spells              Type           Power      Damage    Failure   Level
a - Sandblast             Erth           100%       2d20      1%          1
b - Stone Arrow           Conj/Erth      100%       3d13      1%          3
c - Petrify               Tmut/Erth      66%        N/A       1%          4
d - Flame Wave            Conj/Fire      72%        2d16      1%          4
e - Irradiate             Conj/Tmut      36%        3d23      1%          5

Your spell library contained the following spells:

 Spells                   Type           Power      Damage    Failure   Level
 Kiss of Death            Conj/Necr      100%       2d13      1%          1
 Sting                    Tmut/Pois      100%       1d8       1%          1
 Momentum Strike          Conj/Tloc      100%       3d10      1%          2
 Passwall                 Tmut/Erth      55%        N/A       1%          2
 Spider Form              Tmut/Pois      47%        N/A       1%          3
 Fulminant Prism          Conj/Hex       28%        3d13      1%          4
 Iskenderun's Mystic Bla  Conj/Tloc      56%        2d12      1%          4
 Sticky Flame             Conj/Fire      72%        2d9       1%          4
 Iskenderun's Battlesphe  Conj           78%        2d13      1%          5
 Necrotise                Necr           76%        1d7       2%          1
 Leda's Liquefaction      Hex/Erth       23%        N/A       3%          4
 Starburst                Conj/Fire      36%        6d11      3%          6
 Call Imp                 Summ           38%        N/A       4%          2
 Statue Form              Tmut/Erth      44%        N/A       7%          6
 Orb of Destruction       Conj           39%        9d11      7%          7
 Call Canine Familiar     Summ           19%        N/A       8%          3
 Portal Projectile        Hex/Tloc       38%        N/A       8%          3
 Swiftness                Air            19%        N/A       8%          3
 Vampiric Draining        Necr           19%        2d7       8%          3
 Summon Ice Beast         Ice/Summ       19%        N/A       26%         4
 Dragon Form              Tmut           33%        N/A       36%         7
 Storm Form               Tmut/Air       23%        N/A       96%         7
 Death Channel            Necr           9%         N/A       99%         6
 Simulacrum               Ice/Necr       9%         N/A       99%         6
 Monstrous Menagerie      Summ           9%         N/A       100%        7
 Maxwell's Capacitive Co  Air            9%         ∞         100%        8
 Chain Lightning          Conj/Air       28%        3d37      100%        9


Dungeon Overview and Level Annotations

Branches:
Dungeon (1/1)

Altars:
Ashenzari
Cheibriados
Dithmenos
Elyvilon
Fedhas
Gozag
Hepliaklqana
Kikubaaqudgha
Makhleb
Nemelex Xobeh
Okawaru
Qazlal
Ru
Sif Muna
Trog
Uskayaw
Vehumet
Wu Jian
Xom
Yredelemnul
Zin
The Shining One
Jiyva
Lugonu


Message History

* * * LOW HITPOINT WARNING * * *
Something drains your vigour!
You feel as though you will be slow longer.
The orc hits your butterfly with a +0 falchion.
Your butterfly dies!
Your butterfly disappears in a burst of colours!
Unknown command.
You feel much better. Something completely misses you. Something hits you.
Something drains your vigour!
You feel as though you will be slow longer.
An orc warrior comes into view. It is wielding a +0 short sword.
Unknown command.
Unknown command.
You feel much better. The orc barely misses your butterfly.
The gargoyle hits your butterfly with a +0 mace!!
Your butterfly dies!
Your butterfly disappears in a burst of colours!
Something hits you!! Something drains your vigour!
You feel as though you will be slow longer.
The orc hits your butterfly with a +0 falchion.
Your butterfly dies!
Your butterfly disappears in a burst of colours!
Unknown command.
You feel much better.
The gargoyle hurls a stone arrow at you.
The stone arrow hits you!!
Ouch! That really hurt!
Something hits you!!
* * * LOW HITPOINT WARNING * * *
Something drains your vigour!
You feel as though you will be slow longer.
The orc warrior misses your butterfly. Something hits you but does no damage.
Unknown command.
A red film seems to cover your vision as you go berserk!
You feel yourself moving faster!
You feel mighty!
The orc hits your butterfly with a +0 falchion.
Your butterfly dies!
Your butterfly disappears in a burst of colours!
The gargoyle hits you with a +0 mace.
You die...

...##))#..##...##..'...#..
...##.†#..#.....#..#...#..
#####..())'÷....'..'...'..
#####..#..#.....#..#...#
.[[##..#..##...##..'..b#
.[[##..##..##'##..##..b##
.).##...##.'...'.##ob.b.#
.))##....###...###.b.#...#
.))##......#...{@9..###.E.#
##################### ####


You could see a gargoyle (ally target) and an orc.

Vanquished Creatures
  A two-headed ogre (D)
  A shadow wraith (D)
  A deep troll (D)
  A bog body (D)
  A cyclops (D)
  A freezing wraith (D)
  2 kobold demonologists (D)
  A guardian mummy (D)
  A wandering mushroom (D)
  A tarantella (D)
  4 dream sheep (D)
  A shadow (D)
  An air elemental (D)
  A fire bat (D)
  A redback (D)
  An acid dragon (D)
  A water moccasin (D)
  A swamp drake (D)
  6 wolves (D)
  A phantom (D)
  6 kobold brigands (D)
  A gnoll sergeant (D)
  A crimson imp (D)
  2 quasits (D)
  An orc priest (D)
  A hound (D)
  An iguana (D)
  An orc wizard (D)
  A mummy (D)
  A river rat (D)
  6 gnolls (D)
  An orc (D)
  A bat (D)
  2 endoplasms (D)
  2 giant cockroaches (D)
  A goblin (D)
  5 kobolds (D)
  A quokka (D)
  3 ball pythons (D)
  A rat (D)
68 creatures vanquished.

Notes
Turn   | Place    | Note
-------+----------+-------------------------------------------
     0 | D        | Groucho the Deep Elf Earth Elementalist began the quest for
                  | the Orb.
     0 | D        | Reached XP level 1. HP: 10/10 MP: 6/6
    38 | D        | Found a glowing golden altar of the Shining One.
    38 | D        | Found a glowing silver altar of Zin.
    38 | D        | Found a basalt altar of Yredelemnul.
    38 | D        | Found a shimmering altar of Xom.
    38 | D        | Found an ornate altar of the Wu Jian Council.
    38 | D        | Found a bloodstained altar of Trog.
    38 | D        | Found a shimmering blue altar of Sif Muna.
    38 | D        | Found a sacrificial altar of Ru.
    38 | D        | Found a stormy altar of Qazlal.
    38 | D        | Found an iron altar of Okawaru.
    38 | D        | Found a sparkling altar of Nemelex Xobeh.
    38 | D        | Found a burning altar of Makhleb.
    38 | D        | Found a viscous altar of Jiyva.
    38 | D        | Found a hazy altar of Hepliaklqana.
    38 | D        | Found an opulent altar of Gozag.
    38 | D        | Found a blossoming altar of Fedhas.
    38 | D        | Found a white marble altar of Elyvilon.
    38 | D        | Found a shadowy altar of Dithmenos.
    38 | D        | Found a snail-covered altar of Cheibriados.
    39 | D        | Found a radiant altar of Vehumet.
    39 | D        | Found a corrupted altar of Lugonu.
    40 | D        | Found an ancient bone altar of Kikubaaqudgha.
    40 | D        | Found a hide-covered altar of Uskayaw.
    40 | D        | Found a broken altar of Ashenzari.
    41 | D        | Became a worshipper of Sif Muna the Loreminder
   171 | D        | Reached skill level 5 in Earth Magic
   171 | D        | Reached XP level 2. HP: 15/15 MP: 6/9
   203 | D        | Reached * piety under Sif Muna
   442 | D        | Reached ** piety under Sif Muna
   616 | D        | Noticed a phantom
   617 | D        | Noticed a gnoll sergeant
   634 | D        | Reached skill level 5 in Spellcasting
   634 | D        | Reached XP level 3. HP: 19/19 MP: 7/11
   759 | D        | Killed a phantom
   759 | D        | Reached *** piety under Sif Muna
   760 | D        | Reached XP level 4. HP: 20/24 MP: 10/15
   764 | D        | Learned a level 3 spell: Stone Arrow
   873 | D        | Killed a gnoll sergeant
   874 | D        | Reached skill level 10 in Earth Magic
   874 | D        | Reached XP level 5. HP: 28/28 MP: 9/16
  1151 | D        | Reached **** piety under Sif Muna
  1152 | D        | Reached skill level 1 in Fighting
  1152 | D        | Reached skill level 1 in Short Blades
  1152 | D        | Reached skill level 5 in Conjurations
  1420 | D        | Reached XP level 6. HP: 35/35 MP: 7/18
  1665 | D        | Learned a level 4 spell: Petrify
  1889 | D        | Noticed a guardian mummy
  1895 | D        | Killed a guardian mummy
  1896 | D        | Reached skill level 5 in Dodging
  1896 | D        | Reached skill level 5 in Stealth
  2187 | D        | Reached ***** piety under Sif Muna
  2189 | D        | Received a gift from Sif Muna
  2190 | D        | Reached XP level 7. HP: 42/42 MP: 9/19
  2191 | D        | Reached skill level 5 in Transmutations
  2632 | D        | Noticed a kobold demonologist
  2954 | D        | Killed a kobold demonologist
  2955 | D        | Reached skill level 5 in Fighting
  2955 | D        | Reached skill level 5 in Short Blades
  2955 | D        | Reached XP level 8. HP: 49/49 MP: 11/22
  3214 | D        | Noticed a tarantella
  3215 | D        | Killed a tarantella
  3215 | D        | Received a gift from Sif Muna
  3216 | D        | Reached skill level 10 in Spellcasting
  3216 | D        | Got Sif Muna's Excursus on Lethal Metamorphosis {god gift}
  3222 | D        | Learned a level 4 spell: Flame Wave
  3269 | D        | Reached skill level 1 in Fire Magic
  3546 | D        | Noticed a deep troll
  3565 | D        | Killed a deep troll
  3566 | D        | Reached skill level 10 in Conjurations
  3568 | D        | Reached XP level 9. HP: 54/54 MP: 14/26
  3845 | D        | Killed a shadow wraith
  3846 | D        | Reached skill level 10 in Transmutations
  4248 | D        | Noticed a two-headed ogre
  4262 | D        | Killed a two-headed ogre
  4264 | D        | Received a gift from Sif Muna
  4265 | D        | Got Sif Muna's Book of the Scarab {god gift}
  4272 | D        | Learned a level 5 spell: Irradiate
  4298 | D        | Noticed a kobold demonologist
  4300 | D        | Killed a kobold demonologist
  4310 | D        | Reached skill level 10 in Fire Magic
  4693 | D        | Noticed a freezing wraith
  4695 | D        | Reached ****** piety under Sif Muna
  4698 | D        | Killed a freezing wraith
  4699 | D        | Reached XP level 10. HP: 44/59 MP: 15/30
  5028 | D        | Received a gift from Sif Muna
  5032 | D        | Reached skill level 10 in Stealth
  5032 | D        | Got Sif Muna's Folio of Galvanic Alteration {god gift}
  5039 | D        | Noticed a gargoyle
  5268 | D        | Received a gift from Sif Muna
  5269 | D        | Got Camoaf's Textbook on Amassed Despicable Ceremonies {god
                  | gift}
  5306 | D        | Noticed a cyclops
  5313 | D        | Killed a cyclops
  5400 | D        | Noticed a bog body
  5424 | D        | Killed a bog body
  5530 | D        | HP: 2/59 [something (18)]
  5531 | D        | Slain by a gargoyle

Illustrated notes

Levels and vault maps discovered:
D:        pitsprint [storerooms_1, entrance_room_1, metal_vault_6, armoury_1,
          mini_pit_1, grid_room_1, main_hall_1, silver_pit, the_coven_3,
          the_vestibule_1, steel_vault_5, golden_pit, hallway_of_sentries,
          crystal_vault_2, iron_vault_2, final_vault]

Skill      XL: |  1  2  3  4  5  6  7  8  9 10 |
---------------+-------------------------------+-----
Earth Magic    | 5 6 9 10 | 10.0
Spellcasting   | 4 5 7 8 11 14 | 14.0
Conjurations   | 4 5 6 8 10 11 14 | 14.0
Fighting       | 1 3 5 |  5.0
Short Blades   | 2 4 5 9 |  9.2
Dodging        | 3 5 |  5.0
Stealth        | 3 6 7 9 10 | 10.0
Transmutations | 2 4 6 9 10 | 10.0
Fire Magic     | 4 10 | 10.0

Action                     |  1- 3 |  4- 6 |  7- 9 | 10-12 || total
---------------------------+-------+-------+-------+-------++-------
  Melee: Dagger            |       |     2 |     8 |     6 ||    16
         Punch             |       |       |       |     1 ||     1
   Cast: Sandblast         |    16 |     1 |     9 |       ||    26
         Stone Arrow       |       |    20 |    40 |    19 ||    79
         Petrify           |       |       |     5 |     4 ||     9
         Irradiate         |       |       |     1 |     2 ||     3
         Flame Wave        |       |       |       |     3 ||     3
    Use: Potion            |       |     1 |     1 |     9 ||    11
         Scroll            |       |       |     1 |     1 ||     2
   Stab: Distracted        |       |     1 |       |       ||     1
         Petrified         |       |       |     8 |     3 ||    11
 Armour: Robe              |       |       |     3 |     7 ||    10
  Dodge: Dodged            |       |     2 |    10 |    20 ||    32
